 Dungeon Crawl Stone Soup version 0.18.1-8-gdd0e5ea (webtiles) character file.

1284 Heskey the Poker (level 8, -5/68 HPs)
             Began as a Merfolk Gladiator on June 8, 2016.
             Was an Initiate of Makhleb.
             Slain by Pikel
             ... wielding a +0 whip of freezing
              (6 damage)
             ... on level 7 of the Dungeon on June 9, 2016.
             The game lasted 00:11:31 (6554 turns).

Heskey the Poker (Merfolk Gladiator)                Turns: 6554, Time: 00:11:32

Health: -5/68      AC:  0    Str: 16 (17) XL:     8   Next: 55%
Magic:  8/8        EV: 22    Int:  5 (7)  God:    Makhleb [......]
Gold:   411        SH:  0    Dex: 18 (20) Spells: 0 memorised, 7 levels left

rFire  . . .     SeeInvis .     (weapon currently unavailable)
rCold  . . .     Gourm    .     (armour currently unavailable)
rNeg   . . .     Faith    .     (shield currently unavailable)
rPois  .         Spirit   .     (helmet currently unavailable)
rElec  .         Dismiss  .     (cloak currently unavailable)
rCorr  .         Reflect  .     (gloves currently unavailable)
SustAt .         Harm     .     (boots currently unavailable)
MR     .....                    (no amulet)
Stlth  ++........               (ring currently unavailable)
                                (ring currently unavailable)

@: bat-form, flying, very quick, not resistant to hostile enchantments,
unstealthy
A: (change form in water), (swift swim)
a: Renounce Religion


You were on level 7 of the Dungeon.
You worshipped Makhleb.
Makhleb was noncommittal.
You were hungry.
You were in bat-form.
You visited 1 branch of the dungeon, and saw 7 of its levels.

You collected 411 gold pieces.

Inventory:

Hand Weapons
 a - a +1 trident (melded)
Missiles
 d - 3 throwing nets (quivered)
Armour
 b - a -2 pair of boots (melded)
 c - a +0 helmet (melded)
 r - a +2 scale mail of poison resistance (melded)
 s - a +1 cloak (melded)
Jewellery
 m - a ring of protection from magic (melded)
Wands
 k - a wand of iceblast (15/15)
Scrolls
 e - 7 scrolls of identify
 j - 2 scrolls of remove curse
 w - 2 scrolls of magic mapping
Potions
 g - a potion of flight
 h - a potion of cancellation
 l - a potion of heal wounds
 A - 3 potions of curing
Comestibles
 f - 5 bread rations
 n - a royal jelly
 o - 2 beef jerkies
 p - a chunk of flesh
 u - 2 meat rations


   Skills:
 * Level 7.7 Fighting
 + Level 7.9 Polearms
 - Level 2.0 Throwing
 + Level 3.3 Armour
 - Level 4.0 Dodging
   Level 3.2 Shields


You had 7 spell levels left.
You didn't know any spells.

Dungeon Overview and Level Annotations

Branches:
Dungeon (7/15)             Temple (0/1) D:4

Altars:
Ashenzari
Dithmenos
Fedhas
Kikubaaqudgha
Makhleb
Pakellas
Trog
Zin

Annotations:
D:7 Pikel


Message History

Eat a chunk of flesh? (ye/n/q/i?)
Okay, then.
Unknown command.
Read which item? (? for menu, Esc to quit)
Okay, then.
You can't do that in your present form.
Evoke which item? (* to show all) (? for menu, Esc to quit)
You have no means to grasp a wand firmly enough.
You hit Pikel but do no damage.
Pikel is almost dead.
You hit Pikel but do no damage.
Pikel is almost dead.
Pikel hits you with a whip of freezing.
* * * LOW HITPOINT WARNING * * *
Pikel freezes you.
* * * LOW HITPOINT WARNING * * *
You hit Pikel but do no damage.
Pikel is almost dead.
Pikel hits you with a whip of freezing.
You die...

#..o..op#.#
#######.#...
#######.###.#
#....Kp.# .#
#.####### #
#.#.# #...#
###.# #b#ยง#
#.Kp# #####


You could see Pikel and a slave.

Vanquished Creatures
  3 ice beasts
  The ghost of Rationalist the Skirmisher, an amateur MiBe of Trog (D:3)
  A centaur (D:4)
  A giant frog (D:6)
  A scorpion (D:4)
  A howler monkey (D:6)
  A jelly (D:6)
  A crimson imp (D:6)
  2 centaur skeletons
  4 hounds
  An orc priest (D:5)
  2 orc wizards (D:5)
  2 iguanas (D:4)
  Natasha (D:2)
  4 worker ants
  8 adders
  2 shadow imps
  An adder zombie (D:5)
  3 worms
  A dart slug (D:2)
  8 giant geckos
  8 orcs
  A ball python (D:3)
  9 bats
  6 giant cockroaches
  3 goblins
  11 hobgoblins
  6 jackals
  2 quokkas
  2 giant newts (D:2)
  6 kobolds
  9 rats
112 creatures vanquished.

Notes
Turn   | Place    | Note
--------------------------------------------------------------
     0 | D:1      | Heskey the Merfolk Gladiator began the quest for the Orb.
     0 | D:1      | Reached XP level 1. HP: 16/16 MP: 1/1
   132 | D:1      | Reached XP level 2. HP: 21/23 MP: 2/2
   777 | D:2      | Reached XP level 3. HP: 29/29 MP: 3/3
  1181 | D:2      | Reached XP level 4. HP: 37/37 MP: 4/4
  1186 | D:2      | Reached skill level 1 in Shields
  1281 | D:2      | Noticed Natasha
  1290 | D:2      | Killed Natasha
  1290 | D:2      | Reached skill level 5 in Polearms
  1290 | D:2      | Reached skill level 1 in Armour
  1408 | D:3      | Reached XP level 5. HP: 16/42 MP: 5/5
  1510 | D:3      | Noticed Rationalist's ghost (amateur MiBe)
  2811 | D:3      | Killed Rationalist's ghost
  2811 | D:3      | Reached XP level 6. HP: 19/50 MP: 6/6
  3088 | D:4      | Reached skill level 5 in Fighting
  3288 | D:4      | Found a shattered altar of Ashenzari.
  3340 | D:4      | Found a staircase to the Ecumenical Temple.
  3398 | D:4      | HP: 1/51 [hound (4)]
  3404 | D:4      | Reached XP level 7. HP: 7/56 MP: 7/7
  4567 | D:5      | Entered Level 5 of the Dungeon
  5611 | D:5      | Reached XP level 8. HP: 61/65 MP: 8/8
  5855 | D:6      | Found a glowing silver altar of Zin.
  5857 | D:6      | Found a shadowy altar of Dithmenos.
  5857 | D:6      | Found a blossoming altar of Fedhas.
  5857 | D:6      | Found an oddly glowing altar of Pakellas.
  5857 | D:6      | Found a burning altar of Makhleb.
  5858 | D:6      | Found an ancient bone altar of Kikubaaqudgha.
  5858 | D:6      | Found a bloodstained altar of Trog.
  5883 | D:6      | Became a worshipper of Makhleb the Destroyer
  6462 | D:7      | Noticed Pikel
  6551 | D:7      | HP: 3/68 [Pikel/whip of freezing (3)]
  6553 | D:7      | HP: 1/68 [Pikel/whip of freezing (1)]
  6554 | D:7      | Slain by Pikel

Skill      XL: |  1  2  3  4  5  6  7  8 |
---------------+-------------------------+-----
Fighting       | 3 4 5 6 7 |  7.7
Shields        | 1 2 3 |  3.2
Polearms       | 5 6 7 |  7.9
Armour         | 1 2 3 |  3.3
Throwing       | |  2.0
Dodging        | |  4.0

Action                   |  1- 3 |  4- 6 |  7- 9 || total
-------------------------+-------+-------+-------++-------
Melee: Trident           |    95 |   224 |   258 ||   577
       Unarmed           |       |       |    39 ||    39
  Use: Scroll            |       |     5 |     7 ||    12
       Potion            |       |     5 |     6 ||    11
 Stab: Sleeping          |     2 |       |       ||     2
  Eat: Chunk             |     1 |     1 |    10 ||    12
       Bread ration      |       |     1 |       ||     1
       Pizza             |       |     1 |       ||     1
Armor: Leather armour    |    21 |     5 |       ||    26
       Scale mail        |       |    36 |   100 ||   136
Dodge: Dodged            |    47 |   100 |   106 ||   253
Block: Buckler           |     3 |    14 |     4 ||    21
